cohdb
Replays
Latest Replays
All Replays
Popular Replays
Top Player Replays
Match Explorer
How It Works
Community
CoH3 Stats
Reddit
Sign in to upload your games and track your stats! →
Sign in with Steam
Match 37838266
Unlisted
Match 37838266
Overview
Messages
Build Orders
End
Royal Engineer Section
Construct Section Command Post
Selects Air and Sea Battlegroup
Dingo Light Scout Car
Infantry Section
Infantry Section
ML 3-inch Mortar Team
Construct Platoon Command Post
Selects Commando Section Paradrop
Selects Commando Support Section Paradrop
Humber Armored Car
Wodan
BIOHAZARD
0
0
Comments
sign in to comment!
No comments posted yet!